 Dungeon Crawl Stone Soup version 0.20-a0-1127-g1289703 (webtiles) character file.

3218 TheGoonsmith the Covert (level 9, -4/39 HPs)
             Began as a Spriggan Enchanter on May 10, 2017.
             Was an Initiate of Gozag.
             Slain by a hornet (6 damage)
             ... while paralysed by a hornet
             ... on level 8 of the Dungeon on May 18, 2017.
             The game lasted 00:25:20 (9527 turns).

TheGoonsmith the Covert (Spriggan Enchanter)        Turns: 9527, Time: 00:25:21

Health: -4/39      AC:  4    Str:  4    XL:     9   Next: 65%
Magic:  20/20      EV:  4    Int: 17    God:    Gozag
Gold:   242        SH:  0    Dex: 19    Spells: 14/22 levels left

rFire    . . .     SeeInvis +   m - +2 dagger (venom)
rCold    . . .     Gourm    .   (shield restricted)
rNeg     . . .     Faith    .   e - +0 troll leather armour {Purgy}
rPois    .         Spirit   .   (helmet restricted)
rElec    .         Reflect  .   (no cloak)
rCorr    .         Harm     .   (gloves unavailable)
MR       +....                  (boots unavailable)
Stlth    ++++......             o - amulet of regeneration
Regen    1.0/turn               (no ring)
MPRegen  0.2/turn               (no ring)

@: paralysed, very quick
A: unfitting armour, see invisible, herbivore 3, speed 3, slow metabolism 2
a: Potion Petition, Call Merchant, Bribe Branch, Renounce Religion


You were on level 8 of the Dungeon.
You worshipped Gozag.
Gozag was aware of your devotion.
You were not hungry.

You visited 2 branches of the dungeon, and saw 9 of its levels.
You also visited: Ossuary.

You collected 367 gold pieces.
You paid 125 gold pieces to Gozag.

Inventory:

Hand Weapons
 a - a +1 dagger
 m - a +2 dagger of venom (weapon)
Missiles
 k - 41 poisoned needles
 q - 2 throwing nets (quivered)
Armour
 b - a +0 robe
 e - a +0 troll leather armour (worn) {Purgy}
Jewellery
 o - an amulet of regeneration (around neck)
 v - a +4 ring of dexterity {unknown}
Wands
 f - a wand of lightning (8/15)
 g - a wand of polymorph (13/24)
 t - a wand of flame (15/48)
 y - a wand of digging (14/24)
Scrolls
 h - 3 scrolls of remove curse
 i - a scroll of fear
 s - 2 scrolls of magic mapping
 u - a scroll of fog
Potions
 j - 3 potions of heal wounds
 n - 6 potions of curing
 p - a potion of brilliance
 w - a potion of lignification {unknown}
 z - a potion of resistance {unknown}
Books
 c - a book of Maledictions

   Spells                             Type                      Level
   a - Corona                         Hexes                        1
   b - Ensorcelled Hibernation        Hexes/Ice                    2
   c - Confuse                        Hexes                        3
   d - Tukima's Dance                 Hexes                        3
   e - Dazzling Spray                 Conjuration/Hexes            3
Comestibles
 d - 3 bread rations
 l - 9 fruits
 r - a royal jelly


   Skills:
 - Level 8.6 Short Blades
 + Level 9.4 Dodging
 - Level 9.5 Stealth
 - Level 7.1 Spellcasting
 - Level 7.0 Hexes


You had 14 spell levels left.
You knew the following spells:

 Your Spells              Type           Power        Failure   Level  Hunger
a - Tukima's Dance        Hex            ####....     3%          3    ##.....
b - Ensorcelled Hibernat  Hex/Ice        ###...       7%          2    None
c - Confuse               Hex            ####....     3%          3    ##.....


Dungeon Overview and Level Annotations

Branches:
Dungeon (8/15)             Temple (1/1) D:7
   Lair: D:8-11

Altars:
Ashenzari
Cheibriados
Dithmenos
Elyvilon
Fedhas
Gozag
Hepliaklqana
Kikubaaqudgha
Makhleb
Nemelex Xobeh
Okawaru
Qazlal
Ru
Sif Muna
Trog
Uskayaw
Vehumet
Wu Jian
Xom
Yredelemnul
Zin
The Shining One


Innate Abilities, Weirdness & Mutations

You are very small and have problems with some larger weapons.
You are too small for most types of armour.
You have supernaturally acute eyesight. (SInv)
You are a herbivore.
You cover ground extremely quickly.
You need consume almost no food.


Message History

The howler monkey skeleton is severely damaged.
The howler monkey skeleton completely misses you.
The hornet stings you but does no damage.
You hit the howler monkey skeleton but do no damage.
The howler monkey skeleton is severely damaged.
You hit the howler monkey skeleton.
The howler monkey skeleton is almost destroyed.
The hornet stings you.
You suddenly lose the ability to move!
The howler monkey skeleton hits you but does no damage.
A scorpion comes into view.
The hornet stings you!
You shrug off the repeated paralysis!
The howler monkey skeleton hits you. The hornet stings you!
* * * LOW HITPOINT WARNING * * *
You feel yourself slow down.
You feel yourself speed up. The hornet barely misses you.
The howler monkey skeleton hits you.
* * * LOW HITPOINT WARNING * * *
The hornet stings you.
You die...
Your body crumbles into a pile of gold.

. #######.. #....s...
###############.y..##
#.............(@Z...#
##.###########.$$....#
.............#.......#
#....................#
#...................)#
#..........#.#..####.#
#.<#######.#.#<.. .#
#..# #.#.#... . #..#
#.#.#


You could see a hornet, a scorpion (wandering) and a howler monkey skeleton.

Vanquished Creatures
  Grinder (D:5)
  The ghost of edsrzf the Shield-Bearer, an amateur FoFi (D:4)
  Sigmund (D:3)
  A steam dragon (D:7)
  Menkaure (D:7)
  Edmund (D:4)
  Duvessa (D:6)
  An orc warrior (D:7)
  Purgy (D:4)
  3 ogres
  2 phantoms (D:5)
  A big kobold (D:8)
  Blork the orc (D:5)
  A bullfrog (D:3)
  Dowan (D:6)
  5 electric eels (D:6)
  4 howler monkeys
  2 crimson imps (D:5)
  A bullfrog zombie (D:8)
  A jelly (D:5)
  A bullfrog skeleton (D:7)
  2 hounds (D:7)
  4 orc priests
  Terence (D:2)
  5 worker ants
  9 orc wizards
  Ijyb (D:5)
  A killer bee zombie (D:5)
  A hound zombie (D:7)
  A worker ant zombie (D:8)
  7 adders
  An adder skeleton (D:6)
  An adder zombie (Ossuary)
  3 worms
  A dart slug (D:1)
  7 leopard geckos
  22 orcs
  9 bats
  3 giant cockroaches
  A gnoll zombie (Ossuary)
  10 goblins
  5 hobgoblins
  6 jackals
  6 kobolds
  3 quokkas
  A ball python (D:3)
  2 frilled lizards
  3 hobgoblin zombies (Ossuary)
  A kobold zombie (Ossuary)
  9 rats
158 creatures vanquished.

Vanquished Creatures (collateral kills)
  An orc wizard (D:7)
  An orc (D:6)
2 creatures vanquished.

Vanquished Creatures (others)
  2 dancing weapons (D:7)
2 creatures vanquished.

Grand Total: 162 creatures vanquished

Notes
Turn   | Place    | Note
-------+----------+-------------------------------------------
     0 | D:1      | TheGoonsmith the Spriggan Enchanter began the quest for the Orb.
     0 | D:1      | Reached XP level 1. HP: 9/9 MP: 5/5
   268 | D:1      | Reached XP level 2. HP: 3/13 MP: 6/6
   600 | D:1      | Learned a level 2 spell: Ensorcelled Hibernation
  1219 | D:1      | Reached XP level 3. HP: 9/16 MP: 8/8
  1221 | D:1      | Upgraded the game from 0.20-a0-1121-gbb42413 to 0.20-a0-1122-gb7cbeb9
  1526 | D:1      | Learned a level 3 spell: Confuse
  1696 | D:2      | Found a sacrificial altar of Ru.
  1983 | D:2      | Reached skill level 5 in Stealth
  2471 | D:3      | Noticed Terence
  2487 | D:2      | Killed Terence
  2487 | D:2      | Reached XP level 4. HP: 15/21 MP: 3/9
  2812 | D:3      | Noticed Sigmund
  2815 | D:3      | Noticed a bullfrog
  2879 | D:3      | Killed Sigmund
  2879 | D:3      | Reached skill level 5 in Dodging
  2879 | D:3      | Reached XP level 5. HP: 13/24 MP: 7/10
  2879 | D:3      | Reached XP level 6. HP: 16/28 MP: 7/11
  2881 | D:3      | Reached skill level 5 in Short Blades
  2979 | D:3      | Found a glowing silver altar of Zin.
  3218 | D:3      | Found a white marble altar of Elyvilon.
  3450 | D:4      | Noticed Edmund
  3455 | D:4      | Noticed Purgy
  3500 | D:4      | Killed Purgy
  3550 | D:4      | Noticed edsrzf's ghost (amateur FoFi)
  3708 | D:4      | Found a sand-covered staircase.
  3717 | Ossuary  | Entered an ossuary
  4065 | D:4      | Reached XP level 7. HP: 16/32 MP: 5/12
  4233 | D:4      | Killed edsrzf's ghost
  4452 | D:3      | Learned a level 3 spell: Tukima's Dance
  4504 | D:4      | Killed Edmund
  4582 | D:4      | Found an ornate altar of the Wu Jian Council.
  4589 | D:4      | Found a bloodstained altar of Trog.
  4589 | D:4      | Found a glowing golden altar of the Shining One.
  4846 | D:4      | Reached XP level 8. HP: 36/36 MP: 3/13
  4935 | D:5      | Entered Level 5 of the Dungeon
  4977 | D:5      | Noticed Grinder
  4990 | D:5      | Killed Grinder
  5386 | D:5      | Noticed Ijyb
  5426 | D:5      | Killed Ijyb
  5838 | D:5      | Noticed Blork the orc
  5841 | D:5      | Killed Blork the orc
  5889 | D:6      | Upgraded the game from 0.20-a0-1122-gb7cbeb9 to 0.20-a0-1127-g1289703
  6180 | D:6      | Noticed Dowan
  6182 | D:6      | Noticed Duvessa
  6190 | D:6      | Killed Duvessa
  6198 | D:6      | Killed Dowan
  6198 | D:6      | Reached skill level 5 in Hexes
  6220 | D:6      | Reached XP level 9. HP: 39/39 MP: 10/14
  7212 | D:7      | Identified a scroll of acquirement
  8021 | D:7      | Reached skill level 5 in Spellcasting
  8445 | D:7      | Noticed Menkaure
  8455 | D:7      | Killed Menkaure
  9118 | D:7      | Found a staircase to the Ecumenical Temple.
  9165 | Temple   | Entered the Ecumenical Temple
  9387 | Temple   | Became a worshipper of Gozag Ym Sagoz the Greedy
  9524 | D:8      | Paralysed by a hornet for 3 turns
  9526 | D:8      | HP: 1/39 [howler monkey skeleton (5)]
  9527 | D:8      | Slain by a hornet

Vault maps used:
D:1:      sevenhm_arrival_forest_fort_large_4, minmay_misc_feat_five,
          grunt_decor_arrowhead, kennysheep_minor_cross
D:2:      nicolae_ru_the_path_less_chosen
D:3:      zin_academy, first_bread, elyvilon_altar_1, uniq_sigmund, uniq_terence
D:4:      minitemple, lightli_ossuary_entry_decrepit_ruins, uniq_purgy,
          uniq_edmund
D:5:      uniq_blork_the_orc, uniq_grinder, uniq_ijyb
D:6:      kennysheep_boxes, uniq_duvessa
D:7:      minmay_temple_entry_from_below_b, uniq_menkaure
D:8:      hangedman_pestilent_swarm, st_stairs_9, uniq_psyche
Temple:   dpeg_five_rooms_temple
Ossuary:  ossuary_tomb_2

Skill      XL: |  1  2  3  4  5  6  7  8  9 |
---------------+----------------------------+-----
Short Blades   | 2 3 4 5 7 8 |  8.6
Dodging        | 4 5 6 7 8 9 |  9.4
Stealth        | 5 6 8 9 |  9.5
Hexes          | 5 7 |  7.0
Spellcasting   | 7 |  7.1

Action                   |  1- 3 |  4- 6 |  7- 9 || total
-------------------------+-------+-------+-------++-------
Melee: Dagger            |   195 |   155 |   432 ||   782
 Cast: Ensorcelled Hiber |     6 |    18 |    19 ||    43
       Confuse           |     3 |     9 |    36 ||    48
       Tukima's Dance    |       |       |     9 ||     9
  Use: Scroll            |       |     9 |     6 ||    15
       Potion            |       |     1 |       ||     1
 Stab: Sleeping          |    19 |    11 |    19 ||    49
       Confused          |     3 |     1 |    12 ||    16
       Distracted        |       |     2 |     4 ||     6
  Eat: Bread ration      |       |     1 |     1 ||     2
       Royal jelly       |       |       |     2 ||     2
Armor: Robe              |    13 |     8 |       ||    21
       Troll leather arm |       |       |    19 ||    19
Dodge: Dodged            |   176 |   118 |   208 ||   502
